 Dungeon Crawl Stone Soup version 0.20.0-15-g7f486f2 (webtiles) character file.

832 vishdafish the Bolt Thrower (level 8, -8/62 HPs)
             Began as a Formicid Hunter on June 26, 2017.
             Was an Initiate of Okawaru.
             Killed from afar by an orc wizard (11 damage)
             ... with a magic dart
             ... on level 7 of the Dungeon.
             The game lasted 00:15:22 (4933 turns).

vishdafish the Bolt Thrower (Formicid Hunter)       Turns: 4933, Time: 00:15:22

Health: -8/62      AC:  7    Str: 19    XL:     8   Next: 18%
Magic:  8/8        EV: 11    Int: 11    God:    Okawaru [......]
Gold:   230        SH:  0    Dex: 11    Spells: 7/7 levels left

rFire    . . .     SeeInvis +   d - +0 hand axe
rCold    . . .     Gourm    .   (no shield)
rNeg     . . .     Faith    .   c - +0 scale mail
rPois    +         Spirit   .   (helmet unavailable)
rElec    .         Reflect  .   (no cloak)
rCorr    +         Harm     .   (no gloves)
MR       .....                  (no boots)
Stlth    ..........             (no amulet)
Regen    0.2/turn               e - ring of resist corrosion
MPRegen  0.2/turn               A - ring of poison resistance

@: no status effects
A: permanent stasis, dig shafts and tunnels, four strong arms, antennae 3
a: Dig, Shaft Self, Renounce Religion


You were on level 7 of the Dungeon.
You worshipped Okawaru.
Okawaru was noncommittal.
You were not hungry.

You visited 2 branches of the dungeon, and saw 7 of its levels.

You collected 230 gold pieces.

Inventory:

Hand Weapons
 a - a +1 hand crossbow
 d - a +0 hand axe (weapon)
Armour
 c - a +0 scale mail (worn)
Jewellery
 e - a ring of resist corrosion (left hand)
 u - an uncursed ring of magical power
 A - a ring of poison resistance (right hand)
Scrolls
 g - a scroll of noise {unknown}
 h - 2 scrolls of remove curse {unknown}
 j - 2 scrolls of amnesia {unknown}
 k - 2 scrolls of teleportation {unknown}
 n - 3 scrolls of magic mapping {unknown}
 r - a scroll of enchant weapon {unknown}
 s - a scroll of enchant armour {unknown}
 y - a scroll of fog {unknown}
Potions
 i - 2 potions of curing
 l - 3 potions of mutation
 m - a potion of ambrosia {unknown}
 o - a potion of brilliance {unknown}
 q - 2 potions of resistance {unknown}
 t - 2 potions of haste
 v - a potion of lignification {unknown}
 w - a potion of degeneration {unknown}
 B - a potion of magic {unknown}
Books
 x - a book of Geomancy

   Spells                             Type                      Level
   a - Sandblast                      Earth                        1
   b - Passwall                       Transmutation/Earth          2
   c - Stone Arrow                    Conjuration/Earth            3
   d - Petrify                        Transmutation/Earth          4
   e - Lee's Rapid Deconstruction     Earth                        5
 z - a book of Cantrips

   Spells                             Type                      Level
   a - Confusing Touch                Hexes                        1
   b - Animate Skeleton               Necromancy                   1
   c - Summon Small Mammal            Summoning                    1
   d - Apportation                    Translocation                1
Comestibles
 f - 3 bread rations


   Skills:
 + Level 5.1 Fighting
 + Level 0.8 Axes
 + Level 6.0 Crossbows
 + Level 4.2 Armour
 + Level 4.1 Dodging
 - Level 1.2 Stealth


You had 7 spell levels left.
You didn't know any spells.

Dungeon Overview and Level Annotations

Branches:
Dungeon (5/15)             Temple (1/1) D:4

Altars:
Ashenzari
Cheibriados
Fedhas
Gozag
Hepliaklqana
Kikubaaqudgha
Nemelex Xobeh
Okawaru
Qazlal
Ru
Sif Muna
Trog
Uskayaw
Vehumet
Xom

Annotations:
D:5 Edmund


Innate Abilities, Weirdness & Mutations

You cannot be hasted, slowed, berserked, paralysed or teleported.
You can dig through walls and to a lower floor.
Your four strong arms can wield two-handed weapons with a shield.
You have a pair of large antennae on your head. (SInv)


Message History

You barely miss Edmund.
Edmund is severely wounded.
Edmund hits you with a flail of protection!
* * * LOW HITPOINT WARNING * * *
Are you sure you want to shaft yourself?
You feel quite a bit more hungry.
You begin to dig a shaft.
You continue digging a shaft.
Edmund hits you with a flail of protection!
* * * LOW HITPOINT WARNING * * *
A shaft appears beneath you!
You fall through a shaft for 2 floors!
The shaft crumbles and collapses.
An orc wizard comes into view. It is wielding a dagger.
The orc wizard shouts!
Found a scroll of identify.
An orc warrior comes into view. It is wielding a battleaxe.
The orc warrior shouts!
The orc wizard gestures at you while chanting.
The magic dart hits you!
You die...

. .. #.....
#.#######....{
#...@.....#..
#####.......#
#.####..# #.#
#.. #
#.####.#.#
#.o..#.#.#
###.#....#
#..o{....#
#....{##.#


You could see an orc wizard.

Vanquished Creatures
  2 phantoms (D:4)
  An ogre (D:5)
  3 crimson imps (D:5)
  A hound (D:4)
  An iguana (D:4)
  3 orc priests
  A worker ant (D:5)
  2 orc wizards (D:5)
  A hound skeleton (D:4)
  10 adders
  A river rat (D:3)
  A shadow imp (D:5)
  An ooze (D:4)
  An adder zombie (D:5)
  An adder skeleton (D:4)
  A worm (D:3)
  3 dart slugs
  6 leopard geckos
  11 orcs
  7 bats
  5 giant cockroaches
  4 goblins
  7 hobgoblins
  14 jackals
  5 kobolds
  3 quokkas
  2 ball pythons
  4 frilled lizards
  9 rats
111 creatures vanquished.

Notes
Turn   | Place    | Note
-------+----------+-------------------------------------------
     0 | D:1      | vishdafish the Formicid Hunter began the quest for the Orb.
     0 | D:1      | Reached XP level 1. HP: 16/16 MP: 1/1
   102 | D:1      | Reached XP level 2. HP: 21/22 MP: 2/2
   426 | D:1      | Reached XP level 3. HP: 28/28 MP: 3/3
  1106 | D:2      | Found a deep blue altar of Sif Muna.
  1122 | D:2      | Reached skill level 1 in Armour
  1122 | D:2      | Reached XP level 4. HP: 34/34 MP: 4/4
  1618 | D:3      | Reached XP level 5. HP: 41/41 MP: 5/5
  2160 | D:3      | Reached skill level 5 in Crossbows
  2630 | D:3      | Reached XP level 6. HP: 46/47 MP: 6/6
  3295 | D:4      | Noticed a phantom
  3304 | D:4      | Noticed a phantom
  3305 | D:4      | Killed a phantom
  3313 | D:4      | Killed a phantom
  3313 | D:4      | Reached XP level 7. HP: 49/55 MP: 7/7
  3854 | D:4      | Found a staircase to the Ecumenical Temple.
  3875 | Temple   | Entered the Ecumenical Temple
  3958 | Temple   | Became a worshipper of Warmaster Okawaru
  4169 | D:5      | Entered Level 5 of the Dungeon
  4169 | D:5      | Found a sparkling altar of Nemelex Xobeh.
  4367 | D:5      | Reached XP level 8. HP: 44/61 MP: 8/8
  4369 | D:5      | Reached skill level 5 in Fighting
  4380 | D:5      | Noticed Edmund
  4496 | D:4      | Reached skill level 6 in Crossbows
  4919 | D:5      | HP: 1/62 [Edmund/flail of protection (10)]
  4920 | D:5      | You fall through a shaft for 2 floors!
  4933 | D:7      | Killed from afar by an orc wizard

Skill      XL: |  1  2  3  4  5  6  7  8 |
---------------+-------------------------+-----
Dodging        | 2 3 4 |  4.1
Armour         | 1 2 3 4 |  4.2
Fighting       | 3 4 5 |  5.1
Crossbows      | 5 6 |  6.0
Axes           | |  0.8
Stealth        | |  1.2

Action                   |  1- 3 |  4- 6 |  7- 9 || total
-------------------------+-------+-------+-------++-------
Melee: Short sword       |    16 |    10 |       ||    26
       Hand axe          |       |    27 |   142 ||   169
 Fire: Hand crossbow     |    66 |   126 |    86 ||   278
 Abil: Shaft Self        |       |       |     1 ||     1
  Use: Scroll            |       |     4 |       ||     4
       Potion            |       |       |     2 ||     2
  Eat: Chunk             |       |     2 |       ||     2
       Meat ration       |       |     1 |       ||     1
       Bread ration      |       |       |     1 ||     1
       Royal jelly       |       |       |     1 ||     1
Armor: Leather armour    |     6 |       |       ||     6
       Ring mail         |     2 |     5 |       ||     7
       Scale mail        |       |    35 |    62 ||    97
Dodge: Dodged            |    38 |    56 |    88 ||   182
